 Dungeon Crawl Stone Soup version 0.31-a0-1074-g0b22e4e0f1 (webtiles) character file.

Game seed: 16015128605300391375

1052 lunkers the Martial Artist (level 8, -8/59 HPs)
             Began as a Meteoran Shapeshifter on Dec 1, 2023.
             Killed from afar by Maggie (23 damage)
             ... with a bolt of fire
             ... on level 6 of the Dungeon.
             The game lasted 00:05:34 (2285 turns).

lunkers the Martial Artist (Meteoran Shapeshifter)  Turns: 2285, Time: 00:05:34

Health: -8/59      AC:  8    Str: 15    XL:     8   Next: 80%
Magic:  9/9        EV:  7    Int: 12    God:
Gold:   296        SH:  0    Dex: 16    Spells: 7/7 levels left

rFire   . .          .
                       - Unarmed
rCold   . . .        (no shield)
rNeg    . . .        q - +0 chain mail
rPois   .            (helmet currently unavailable)
rElec   .            (cloak currently unavailable)
rCorr   .            (gloves currently unavailable)
SInv    .            (boots currently unavailable)
Will    +....        f - amulet of regeneration Stlth
                     k - ring of wizardry
HPRegen 1.09/turn    (no ring)
MPRegen 0.11/turn

%: wizardry (x1)
@: beast-form, glowing, studying Dodging
A: beast (slay +4), sense surroundings 1, otherworldly, glowing, explore regen
a: Begin Untransformation


You were on level 6 of the Dungeon.
You were a hulking beast.
You visited 1 branch of the dungeon, and saw 6 of its levels.
You also visited: Sewer.

You collected 296 gold pieces.

Inventory:

Armour
 h - a +0 cloak
 l - a +0 scale mail
 q - a +0 chain mail (worn)
Jewellery
 f - an amulet of regeneration (around neck)
 k - a ring of wizardry (left hand)
Talismans
 c - a beast talisman
 d - a flux talisman
Wands
 a - a wand of quicksilver (7)
Scrolls
 i - 2 scrolls of poison {unknown}
 n - 2 scrolls of teleportation
 p - 2 scrolls of identify
 s - a scroll of amnesia {unknown}
 t - 2 scrolls of enchant armour {unknown}
 u - a scroll of fog {unknown}
 v - a scroll of immolation {unknown}
 w - a scroll of enchant weapon
Potions
 b - a potion of lignification
 e - a potion of enlightenment
 g - a potion of haste
 j - 2 potions of berserk rage
 m - 2 potions of heal wounds {unknown}
 o - a potion of curing
 r - 2 potions of mutation {unknown}


   Skills:
 - Level 1.1 Fighting
 - Level 2.1 Dodging
 * Level 9.8 Unarmed Combat
 + Level 7.0 Shapeshifting


You had 7 spell levels left.
You didn't know any spells.
Your spell library was empty.

Dungeon Overview and Level Annotations

Branches:
Dungeon (6/15) Zot: 1484   Temple (0/1) D:5           Sewer (visited)

Altars:

Annotations:
D:4 2 transporters, Cadnt's ghost, amateur GnWn
D:6 Maggie


Innate Abilities, Weirdness & Mutations

You are a hulking beast.
Your limbs bulge with bestial killing power. (Slay +4)
You passively map a small area around you.
You are easily found by Zot.
You glow in the dark.
You regain HP and MP as you explore.


Message History

No target in view!
No target in view!
There is a stone staircase leading down here.
Key pressed, stopping explore.
No target in view!
No target in view!
No target in view!
No target in view!
No target in view!
Maggie the Vainglorious comes into view.
She is wielding a +0 broad axe of flaming.
You closely miss Maggie.
Maggie mumbles some strange words.
Maggie attempts to bespell you! You resist with some effort.
You hit Maggie.
Maggie is lightly wounded.
Maggie hits you with a +0 broad axe of flaming!
Maggie burns you!
You punch Maggie!
Maggie is moderately wounded.
Maggie hits you with a +0 broad axe of flaming!
* * * LOW HITPOINT WARNING * * *
Maggie burns you.
* * * LOW HITPOINT WARNING * * *
You hit Maggie but do no damage. You punch Maggie.
Maggie is moderately wounded.
Maggie barely misses you.
Unknown command.
You punch Maggie!
Maggie is heavily wounded.
You closely miss Maggie.
Maggie is heavily wounded.
Maggie hits you with a +0 broad axe of flaming!
* * * LOW HITPOINT WARNING * * *
Maggie burns you.
* * * LOW HITPOINT WARNING * * *
You hit Maggie.
Maggie is heavily wounded.
Maggie gestures at you while chanting. The bolt of fire hits you!!
You die...

#.# #.# *
#.# * #.#
#.# #** * *
#.# #., ,*
#.# #.###,*
#.# #.@.#,*
#.########h#
*
#..........#
############
** , *, * ,
,* * *


You could see Maggie.

Vanquished Creatures
  A water moccasin (Sewer)
  An ogre (D:4)
  2 phantoms
  A scorpion (D:4)
  3 howler monkeys
  4 orc priests
  3 hounds
  A sleepcap (D:5)
  Ijyb (D:3)
  Jessica (D:3)
  Natasha (D:3)
  2 iguanas
  11 adders
  A white imp (D:6)
  2 worms (D:2)
  2 dart slugs
  12 orcs
  5 ball pythons
  5 endoplasms
  4 giant cockroaches
  4 goblins
  5 hobgoblins
  5 kobolds
  3 quokkas
  12 bats
  3 frilled lizards
  7 rats
102 creatures vanquished.

Notes
Turn   | Place    | Note
-------+----------+-------------------------------------------
     0 | D:1      | lunkers the Meteoran Shapeshifter began the quest for the
                  | Orb.
     0 | D:1      | Reached XP level 1. HP: 16/16 MP: 2/2
    53 | D:1      | Reached skill level 4 in Unarmed Combat
    53 | D:1      | Reached XP level 2. HP: 9/23 MP: 3/3
   324 | D:2      | Reached XP level 3. HP: 17/28 MP: 4/4
   410 | D:2      | Reached skill level 5 in Unarmed Combat
   410 | D:2      | Reached XP level 4. HP: 33/35 MP: 5/5
   592 | D:3      | Noticed Jessica
   603 | D:3      | Killed Jessica
   604 | D:3      | Reached XP level 5. HP: 37/40 MP: 6/6
   770 | D:3      | Found a glowing drain.
   775 | Sewer    | Entered a sewer
   807 | Sewer    | Noticed a water moccasin
   821 | Sewer    | Killed a water moccasin
   821 | Sewer    | HP: 2/60 [poisoned by a water moccasin]
   822 | Sewer    | Reached skill level 6 in Unarmed Combat
   822 | Sewer    | Reached skill level 5 in Shapeshifting
   822 | Sewer    | Reached XP level 6. HP: 2/47 MP: 7/7
  1162 | D:3      | Noticed Ijyb
  1165 | D:3      | Noticed Natasha
  1175 | D:3      | Killed Ijyb
  1178 | D:3      | Killed Natasha
  1179 | D:3      | Reached skill level 7 in Unarmed Combat
  1346 | D:4      | Reached XP level 7. HP: 47/52 MP: 8/8
  1379 | D:4      | Found a transporter.
  1384 | D:4      | Found a transporter.
  1384 | D:4      | Noticed Cadnt's ghost (amateur GnWn)
  1478 | D:4      | Reached skill level 8 in Unarmed Combat
  1629 | D:4      | Reached XP level 8. HP: 57/59 MP: 9/9
  1700 | D:5      | Entered Level 5 of the Dungeon
  1759 | D:5      | Reached skill level 9 in Unarmed Combat
  1803 | D:5      | Found a staircase to the Ecumenical Temple.
  2033 | D:6      | Found the +7 captain's cutlass {speed, disarm}
  2277 | D:6      | Noticed Maggie
  2285 | D:6      | Killed from afar by Maggie

Illustrated notes

Levels and vault maps discovered:
D:1:      dpeg_arrival_shrine, layout_basic,
          hellmonk_ecumenical_altar_watching_god, kennysheep_another_room,
          minmay_stone_trees_small
D:2:      layout_basic, serial_bayou_pond_b, amcnicky_mini_rare_corridor_liquid,
          nicolae_titane
D:3:      layout_loops_ring, portal_sewer_entry_e, grunt_ministairs_6,
          uniq_ijyb, uniq_jessica, uniq_natasha
D:4:      layout_rooms, gammafunk_ghost_arena, reono_crystal_passage,
          kennysheep_big_empty_room
D:5:      layout_loops_cross, minmay_temple_entry_grid,
          dreamdust_mushroom_princess
D:6:      layout_basic, serial_demonic, serial_demonic_d, serial_demonic_f,
          serial_demonic_g, serial_demonic_c, hangedman_decor_peaks_small,
          uniq_maggie, uniq_edmund

Skill      XL: |  1  2  3  4  5  6  7  8 |
---------------+-------------------------+-----
Unarmed Combat | 4 5 6 7 8 9 |  9.8
Shapeshifting  | 4 5 6 7 |  7.0
Fighting       | |  1.1
Dodging        | |  2.1

Action                     |  1- 3 |  4- 6 |  7- 9 || total
---------------------------+-------+-------+-------++-------
  Melee: Unarmed           |    50 |   120 |   136 ||   306
         Punch             |       |     3 |     8 ||    11
    Use: Scroll            |       |     6 |       ||     6
         Potion            |       |     3 |       ||     3
 Armour: Animal skin       |    11 |       |       ||    11
         Leather armour    |    14 |     7 |       ||    21
         Scale mail        |       |    50 |    44 ||    94
         Skin              |       |    12 |       ||    12
         Chain mail        |       |       |    54 ||    54
  Dodge: Dodged            |    30 |    77 |    46 ||   153

Table legend: (Time is in decaauts)
 A = Elapsed time spent in this place.
 B = Non-inter-level travel time spent in this place.
 C = Inter-level travel time spent in this place.
 D = Time resting spent in this place.
 E = Time spent auto-exploring this place.
 F = Levels seen in this place.
 G = Mean time per level.
                   A        B        C        D        E       F      G
               +--------+--------+--------+--------+--------+-----+--------+
         Total |   2249 |   2184 |     65 |     87 |   1344 |   7 |  321.3 |
       Dungeon |   2114 |   2049 |     65 |     44 |   1297 |   6 |  352.3 |
         Sewer |    134 |    134 |      0 |     43 |     47 |   1 |  134.0 |
               +--------+--------+--------+--------+--------+-----+--------+

Top non-repeatable levels by time:
     D:3: 549 daAuts
     D:4: 408 daAuts
     D:5: 324 daAuts
     D:1: 308 daAuts
     D:2: 273 daAuts
     D:6: 249 daAuts
   Sewer: 134 daAuts
